 Dungeon Crawl Stone Soup version 0.31-a0-446-g07c4bd200f (webtiles) character file.

Game seed: 5081585992455056339

73 Ethylacetat the Insei (level 4, -1/24 HPs)
             Began as a Vine Stalker Monk on Aug 2, 2023.
             Was the Champion of Ignis.
             Slain by Sigmund
             ... wielding a +0 scythe
              (6 damage)
             ... on level 2 of the Dungeon.
             The game lasted 00:02:30 (1210 turns).

Ethylacetat the Insei (Vine Stalker Monk)           Turns: 1210, Time: 00:02:31

Health: -1/24      AC:  3    Str: 13    XL:     4   Next: 27%
Magic:  0/5        EV: 10    Int: 10    God:    Ignis [******]
Gold:   86         SH:  0    Dex: 19    Spells: 3/3 levels left

rFire   + .          .
                       - Unarmed
rCold   . . .        c - orb {light}
rNeg    . . .        a - +0 robe
rPois   .            (no helmet)
rElec   .            (no cloak)
rCorr   .            k - +0 pair of gloves
SInv    .            (no boots)
Will    .....        (no amulet)
Stlth   +            (no ring)
HPRegen 1.04/turn    (no ring)
MPRegen 0.09/turn

%: guardian spirit
@: glowing, constricted
A: fangs 2, regeneration 1, magic shield, antimagic bite, no potion heal 2
a: Renounce Religion, Fiery Armour, Foxfire Swarm, Rising Flame


You were on level 2 of the Dungeon.
You worshipped Ignis.
Ignis was exalted by your worship.
You visited 1 branch of the dungeon, and saw 2 of its levels.

You collected 86 gold pieces.

Inventory:

Missiles
 m - 5 poisoned darts
Armour
 a - a +0 robe (worn)
 c - an orb of light (worn)
 k - a +0 pair of gloves (worn)
Scrolls
 d - a scroll of immolation {unknown}
 f - 4 scrolls of identify {unknown}
 g - a scroll of vulnerability {unknown}
 i - a scroll of amnesia {unknown}
 j - a scroll of teleportation {unknown}
Potions
 b - a potion of ambrosia
 e - 3 potions of curing {unknown}
 h - 2 potions of might {unknown}
 l - a potion of cancellation {unknown}
 n - a potion of lignification {unknown}
 o - a potion of degeneration {unknown}


   Skills:
 + Level 3.4 Fighting
 - Level 3.0 Dodging
 * Level 3.7 Unarmed Combat
 + Level 0.1 Spellcasting


You had 3 spell levels left.
You didn't know any spells.
Your spell library was empty.

Dungeon Overview and Level Annotations

Branches:
Dungeon (2/15)

Altars:
Ignis

Shops:
D:1 =   D:2 =

Annotations:
D:2 Sigmund


Innate Abilities, Weirdness & Mutations

You have extremely sharp teeth.
Your natural rate of healing is unusually fast.
When hurt, damage is shared between your health and your magic reserves.
Your bite disrupts and absorbs the magic of your enemies.
Potions cannot restore your health.


Message History

You hit Sigmund. You bite Sigmund.
Sigmund's magic leaks into the air.
You drain his magic.
Sigmund is moderately wounded.
The ball python bites you. The ball python barely misses you.
You hit Sigmund. You bite Sigmund.
Sigmund's magic leaks into the air.
You drain his magic.
Sigmund is heavily wounded.
The ball python barely misses you. The ball python completely misses you.
Sigmund hits you with a +0 scythe.
You hit Sigmund. Your bite misses Sigmund.
Sigmund is heavily wounded.
The ball python closely misses you. x2
You hit Sigmund but do no damage.
Sigmund is heavily wounded.
The ball python bites you. The ball python barely misses you.
Sigmund falters for a moment.
You hit Sigmund but do no damage.
Sigmund is heavily wounded.
The ball python bites you. The ball python closely misses you.
Sigmund hits you with a +0 scythe. The ball python misses you.
The ball python grabs you. The ball python constricts you.
You hit Sigmund but do no damage. You bite Sigmund, but do no damage.
Sigmund is heavily wounded.
Sigmund smiles chillingly.
Sigmund hits you with a +0 scythe. The ball python barely misses you.
The ball python constricts you.
You barely miss Sigmund. You bite Sigmund, but do no damage.
Sigmund is heavily wounded.
The ball python bites you. The ball python constricts you.
You hit Sigmund. You bite Sigmund, but do no damage.
Sigmund is heavily wounded.
Sigmund gestures at you while chanting. The magic dart hits you!
* * * LOW HITPOINT WARNING * * *
The ball python misses you. The ball python constricts you.
You completely miss Sigmund. You bite Sigmund.
Sigmund's magic leaks into the air.
You drain his magic.
You feel invigorated.
Sigmund is severely wounded.
Sigmund hits you with a +0 scythe!
You die...

### ..# ..# #########
#......
..##############@@......
#......
...............'S.......
+......
..##############........
#...... ..# #.$......
#...... ..# #........
#...... ..# #.$.....!
#...... ..#
############### #......
### #......########
###....
##########.............#
#....


You could see Sigmund (magic disrupted) and a ball python.

Vanquished Creatures
  3 adders (D:2)
  A worm (D:2)
  A dart slug (D:2)
  2 ball pythons
  10 endoplasms
  2 giant cockroaches (D:1)
  3 goblins
  2 jackals (D:2)
  4 kobolds
  4 bats
  A frilled lizard (D:2)
  8 rats
41 creatures vanquished.

Notes
Turn   | Place    | Note
-------+----------+-------------------------------------------
     0 | D:1      | Ethylacetat the Vine Stalker Monk began the quest for the
                  | Orb.
     0 | D:1      | Reached XP level 1. HP: 11/11 MP: 2/2
   209 | D:1      | Reached XP level 2. HP: 16/16 MP: 3/3
   408 | D:1      | Found Xoivauko's Jewellery Shop.
   699 | D:2      | Reached XP level 3. HP: 19/20 MP: 4/4
   750 | D:2      | Found a faded altar of an unknown god.
   805 | D:2      | Prayed at the altar of an unknown god.
   805 | D:2      | Became a worshipper of Ignis, the Dying Flame
   805 | D:2      | Reached ****** piety under Ignis
   916 | D:2      | Found Ycvagyro's One-of-a-Kind Rings.
  1072 | D:2      | Gained mutation: Your natural rate of healing is unusually
                  | fast. [Vine Stalker growth]
  1072 | D:2      | Reached XP level 4. HP: 15/24 MP: 5/5
  1196 | D:2      | Noticed Sigmund
  1210 | D:2      | Slain by Sigmund

Illustrated notes

Levels and vault maps discovered:
D:1:      enne_arrival_octagon_isle, layout_loops_cross, serial_shops,
          nicolae_shop_back_alley_shop
D:2:      layout_basic, shapermc_ecumenical_altar_petra, dreamdust_wishing_well,
          nicolae_shop_unique_rings, hangedman_decor_growths, uniq_sigmund

Skill      XL: |  1  2  3 |
---------------+----------+-----
Fighting       | 3 |  3.4
Dodging        | 3 |  3.0
Unarmed Combat | |  3.7
Spellcasting   | |  0.1

Action                     |  1- 3 |  4- 6 || total
---------------------------+-------+-------++-------
  Melee: Unarmed           |    93 |    30 ||   123
         Bite              |    26 |    15 ||    41
   Stab: Sleeping          |     1 |       ||     1
 Armour: Robe              |     9 |     6 ||    15
  Dodge: Dodged            |    51 |    22 ||    73

Table legend: (Time is in decaauts)
 A = Elapsed time spent in this place.
 B = Non-inter-level travel time spent in this place.
 C = Inter-level travel time spent in this place.
 D = Time resting spent in this place.
 E = Time spent auto-exploring this place.
 F = Levels seen in this place.
 G = Mean time per level.
                   A        B        C        D        E       F      G
               +--------+--------+--------+--------+--------+-----+--------+
         Total |   1203 |   1174 |     29 |      0 |    883 |   2 |  601.5 |
       Dungeon |   1203 |   1174 |     29 |      0 |    883 |   2 |  601.5 |
               +--------+--------+--------+--------+--------+-----+--------+

Top non-repeatable levels by time:
     D:1: 676 daAuts
     D:2: 526 daAuts
